 Dungeon Crawl Stone Soup version 0.32-a0-460-gc8eefc90e7 (webtiles) character file.

Game seed: 15673463118503001353

21 Jannitor the Sneak (level 3, -1/30 HPs)
             Began as a Djinni Delver on Feb 24, 2024.
             Slain by a bullfrog (6 damage)
             ... on level 5 of the Dungeon.
             The game lasted 00:00:33 (253 turns).

Jannitor the Sneak (Djinni Delver)                   Turns: 253, Time: 00:00:34

Health: -1/30      AC:  3    Str: 11    XL:     3   Next: 5%
Gold:   11         EV: 12    Int: 13    God:
                   SH:  0    Dex: 14

rFire   + + .        a - +0 short sword
rCold   x . .        (no shield)
rNeg    . . .        b - +0 leather armour
rPois   ∞            (no helmet)
rElec   .            (no cloak)
rCorr   .            (no gloves)
SInv    .            (boots unavailable)
Will    .....        (no amulet)
Stlth   ++           (no ring)
HPRegen 0.25/turn    (no ring)
MPRegen 0.00/turn

%: infuse magic (-2 HP)
@: flying, very slightly contaminated
A: sickness immunity, fire resistance 2, cold vulnerability 1, float, innate
caster, HP casting, extra vitality 1
a: no special abilities


You were on level 5 of the Dungeon.
You visited 1 branch of the dungeon, and saw 1 of its levels.

You collected 11 gold pieces.

Inventory:

Hand Weapons
 a - a +0 short sword (weapon)
Armour
 b - a +0 leather armour (worn)
Wands
 g - a wand of digging (3)
Scrolls
 c - a scroll of fog
 d - a scroll of revelation
 e - a scroll of fear


   Skills:
 + Level 3.2 Fighting
 + Level 2.1 Short Blades
 + Level 2.6 Dodging
 + Level 4.3 Stealth
 + Level 0.0 Spellcasting
 + Level 0.0 Conjurations
 + Level 0.0 Hexes
   Level 0.0 Charms
 + Level 0.0 Summonings
 + Level 0.0 Necromancy
 + Level 0.0 Translocations
   Level 0.0 Transmutations
 + Level 0.0 Fire Magic
 + Level 0.0 Ice Magic
 + Level 0.0 Air Magic
 + Level 0.0 Earth Magic
 + Level 0.0 Alchemy


You knew the following spells:

 Your Spells              Type           Power      Damage    Failure   Level
a - Slow                  Hex            0%         N/A       38%         1
Your spell library was empty.

Dungeon Overview and Level Annotations

Branches:
Dungeon (5/15)
 Temple: D:4-7

Altars:
Cheibriados

Annotations:
D:5 exclusion: bombardier beetle


Innate Abilities, Weirdness & Mutations

You are immune to sickness and miasma.
You are immune to poison.
Your flesh is very heat resistant. (rF++)
You are vulnerable to cold. (rC-)
You float through the air rather than walking.
You learn spells naturally, not from books.
Your magical power is your life essence.
You have superior vitality. (+4 MHP)


Message History

The bullfrog easily resists.
The bullfrog hits you but does no damage.
Unknown command.
Casting: Slow (safe; 38% risk of failure)
Confirm with . or Enter, or press ? or * to list all spells.
Aiming: Slow (safe; 38% risk of failure)
Press: ? - help, Shift-Dir - straight line, f/p - bullfrog
Aim: a bullfrog (chance to affect: 32%)
The bullfrog seems to slow down.
The bullfrog is no longer moving slowly.
The bullfrog hits you.
Unknown command.
Casting: Slow (safe; 38% risk of failure)
Confirm with . or Enter, or press ? or * to list all spells.
Aiming: Slow (safe; 38% risk of failure)
Press: ? - help, Shift-Dir - straight line, f/p - bullfrog
Aim: a bullfrog (chance to affect: 32%)
The bullfrog easily resists.
The bullfrog hits you!
* * * LOW HITPOINT WARNING * * *
The bullfrog misses you.
Unknown command.
Casting: Slow (safe; 38% risk of failure)
Confirm with . or Enter, or press ? or * to list all spells.
Aiming: Slow (safe; 38% risk of failure)
Press: ? - help, Shift-Dir - straight line, f/p - bullfrog
Aim: a bullfrog (chance to affect: 32%)
The bullfrog seems to slow down.
* * * LOW HITPOINT WARNING * * *
The bullfrog is no longer moving slowly.
The bullfrog completely misses you.
Casting: Slow (safe; 38% risk of failure)
Confirm with . or Enter, or press ? or * to list all spells.
Aiming: Slow (safe; 38% risk of failure)
Press: ? - help, Shift-Dir - straight line, f/p - bullfrog
Aim: a bullfrog (chance to affect: 32%)
The bullfrog seems to slow down.
* * * LOW HITPOINT WARNING * * *
The bullfrog is no longer moving slowly.
The bullfrog hits you.
You die...

.# o. .#
#.#####.#
#.o..o..
+.o..[.# #.#
#†# #F# #@#
#.# .
#.####### ##
.### #.......#
..###... ##
#.#####.#
....##.# ..#
#.# #.#
.....#.# #.#
### #.#
.......# #.#
#.#
.......####.##
#######[#


You could see a bullfrog and an orc (wandering).

Vanquished Creatures
  2 adders (D:5)
  A dart slug (D:5)
3 creatures vanquished.

Notes
Turn   | Place    | Note
-------+----------+-------------------------------------------
     0 | D:5      | Jannitor the Djinni Delver began the quest for the Orb.
     0 | D:5      | Reached XP level 1. HP: 20/20 MP: 0/0
    24 | D:5      | Reached XP level 2. HP: 25/25 MP: 0/0
    36 | D:5      | Found a snail-covered altar of Cheibriados.
    42 | D:5      | Noticed a bombardier beetle
   147 | D:5      | Reached XP level 3. HP: 9/30 MP: 0/0
   147 | D:5      | Learned a level 1 spell: Slow
   242 | D:5      | Noticed a bullfrog
   253 | D:5      | Slain by a bullfrog

Illustrated notes

Levels and vault maps discovered:
D:5:      kennysheep_spiral_hall, layout_basic, mainiacjoe_overflow_paths

Skill      XL: |  1 |
---------------+----+-----
Short Blades   | 2 |  2.1
Fighting       | |  3.2
Dodging        | |  2.6
Stealth        | |  4.3

Action                     || total
---------------------------++-------
  Melee: Short sword       ||    33
   Cast: Slow              ||     7
    Use: Potion            ||     1
   Stab: Sleeping          ||     2
 Armour: Leather armour    ||    27
  Dodge: Dodged            ||    17

Table legend: (Time is in decaauts)
 A = Elapsed time spent in this place.
 B = Non-inter-level travel time spent in this place.
 C = Inter-level travel time spent in this place.
 D = Time resting spent in this place.
 E = Time spent auto-exploring this place.
 F = Levels seen in this place.
 G = Mean time per level.
                   A        B        C        D        E       F      G
               +--------+--------+--------+--------+--------+-----+--------+
         Total |    230 |    230 |      0 |     80 |     96 |   1 |  230.0 |
       Dungeon |    230 |    230 |      0 |     80 |     96 |   1 |  230.0 |
               +--------+--------+--------+--------+--------+-----+--------+

Top non-repeatable levels by time:
     D:5: 230 daAuts
